 Dungeon Crawl Stone Soup version 0.29-a0-998-g1987434951 (webtiles) character file.

Game seed: 9081340343630904430

413 Essalna the Magician (level 7, -6/79 HPs)
             Began as a Djinni Conjurer on Aug 5, 2022.
             Mangled by an ogre
             ... wielding a +0 giant spiked club
              (10 damage)
             ... on level 5 of the Dungeon.
             The game lasted 00:05:10 (3875 turns).

Essalna the Magician (Djinni Conjurer)              Turns: 3875, Time: 00:05:10

Health: -6/79      AC: 23    Str:  6    XL:     7   Next: 14%
Gold:   160        EV:  2    Int: 22    God:
                   SH:  0    Dex: 11

rFire   . . .      SeeInvis .   (no weapon)
rCold   . . .      Faith    .   (no shield)
rNeg    . . .      Spirit   .   (body armour currently unavailable)
rPois   ∞          Reflect  .   (helmet currently unavailable)
rElec   .          Harm     .   (cloak currently unavailable)
rCorr   +          Rampage  .   (gloves currently unavailable)
Will    .....      NoTele   +   (boots unavailable)
Stlth   ++........              (no amulet)
HPRegen 0.23/turn               l - ring of resist corrosion
MPRegen 0.00/turn               (no ring)

@: tree-form
A: stationary, stasis, torment immunity, boosted hp, sickness immunity, (fire
resistance 2), (cold vulnerability 1), float, innate caster, HP casting, extra
vitality 1
a: no special abilities


You were on level 5 of the Dungeon.
You were a tree.
You visited 1 branch of the dungeon, and saw 5 of its levels.

You collected 160 gold pieces.

Inventory:

Armour
 a - a +0 robe (melded)
 c - a +0 pair of gloves (melded)
 k - a +1 helmet (melded)
Magical Staves
 i - a staff of poison
Jewellery
 l - a ring of resist corrosion (left branch)
Scrolls
 b - 2 scrolls of immolation
 g - a scroll of identify
Potions
 d - 3 potions of mutation
 e - a potion of lignification
 m - a potion of brilliance {unknown}
 n - 3 potions of degeneration {unknown}
 o - a potion of berserk rage {unknown}
 q - a potion of cancellation {unknown}
 s - a potion of heal wounds {unknown}
 t - a potion of curing {unknown}


   Skills:
 + Level 4.6 Fighting
 - Level 2.1 Dodging
 - Level 1.5 Stealth
 + Level 4.9 Spellcasting


You couldn't memorise any spells.
You knew the following spells:

 Your Spells              Type           Power      Damage    Failure   Level
a - Magic Dart            Conj           100%       1d8       1%          1
b - Searing Ray           Conj           54%        2d6       1%          2
c - Dazzling Flash        Conj/Hex       54%        N/A       4%          3
d - Fulminant Prism       Conj/Hex       13%        3d9       13%         4
e - Iskenderun's Mystic   Conj/Tloc      27%        2d7       13%         4
f - Freeze                Ice            100%       1d11      1%          1
g - Ensorcelled Hibernat  Hex/Ice        54%        N/A       1%          2
h - Mephitic Cloud        Conj/Pois/Air  27%        N/A       4%          3
Your spell library was empty.

Dungeon Overview and Level Annotations

Branches:
Dungeon (5/15)
 Temple: D:4-7

Altars:
Qazlal
Ru

Shops:
D:1 !


Innate Abilities, Weirdness & Mutations

You are a tree.
Your roots penetrate the ground, keeping you stationary.
You cannot be teleported.
You are immune to unholy pain and torment.
Your maximum health is greatly increased.
Your equipment is partially melded.
You are immune to sickness and miasma.
You are immune to poison.
((Your flesh is very heat resistant. (rF++)))
((You are vulnerable to cold. (rC-)))
You float through the air rather than walking.
You learn spells naturally, not from books.
Your magical power is your life essence.
You have superior vitality. (+4 MHP)


Message History

You barely miss the phantom.
The phantom is heavily damaged.
Your ufetubus hits the phantom. x2
Your ufetubus hits the phantom but does no damage.
Your ufetubus hits the phantom. The phantom hits your ufetubus.
The phantom blinks!
Your ufetubus blinks!
The phantom closely misses your ufetubus.
Your ufetubus hits the phantom but does no damage.
Your ufetubus misses the phantom.
The phantom barely misses your ufetubus.
Your ufetubus completely misses the phantom.
Your ufetubus misses the phantom. You hit the ogre.
The ogre is moderately wounded.
The ogre hits you with a +0 giant spiked club!!
* * * LOW HITPOINT WARNING * * *
Your ufetubus hits the phantom but does no damage.
Your ufetubus completely misses the phantom.
Your shadow imp closely misses the phantom.
The phantom misses your ufetubus.
You smack the ogre!
The ogre is heavily wounded.
Your ufetubus barely misses the phantom. x2
The phantom misses your ufetubus.
Your shadow imp barely misses the phantom.
The ogre hits you but does no damage.
Your ufetubus closely misses the phantom. x2
You hit the ogre.
The ogre is severely wounded.
Your ufetubus barely misses the phantom.
Your ufetubus hits the phantom but does no damage.
The phantom hits your ufetubus but does no damage.
Your shadow imp barely misses the phantom.
You barely miss the ogre.
The ogre is severely wounded.
Your ufetubus completely misses the phantom.
Your ufetubus closely misses the phantom.
The ogre hits you with a +0 giant spiked club!
You die...

#. #.r .## .... ## ..
##._.# #.. .##.....
###.####.#...#
#.....##.#..
###.#.#.##.'#######+.#
..........W5.O♣......#
##.#.#.##5..##..#.#..
#.....###.## ..#
###.### #.# ...# #.#
#.# ..## #.# ... .##
#.# r.. .. #.# .....
.. ##### #.#


You could see an ogre, a phantom (distracted, ally target), a friendly shadow
imp (summoned) and a friendly ufetubus (summoned).

Vanquished Creatures
  A bullfrog (D:4)
  A scorpion (D:4)
  An orc priest (D:5)
  An iguana (D:4)
  Natasha (thrice) (D:3)
  3 orc wizards
  2 adders
  A worm (D:4)
  8 orcs
  4 ball pythons
  3 endoplasms
  4 giant cockroaches
  4 hobgoblins
  2 jackals (D:2)
  3 kobolds (D:1)
  A quokka (D:5)
  6 bats
  2 frilled lizards
  7 goblins
  6 rats
63 creatures vanquished.

Notes
Turn   | Place    | Note
-------+----------+-------------------------------------------
     0 | D:1      | Essalna the Djinni Conjurer began the quest for the Orb.
     0 | D:1      | Essalna set off with the following spells memorised: Magic
                  | Dart, Searing Ray, Dazzling Flash, Fulminant Prism,
                  | Iskenderun's Mystic Blast.
     0 | D:1      | Reached XP level 1. HP: 15/15 MP: 0/0
   276 | D:1      | Reached XP level 2. HP: 18/22 MP: 0/0
   280 | D:1      | Reached skill level 1 in Fighting
   526 | D:1      | Found Fucofock's Distillery.
   897 | D:1      | Reached XP level 3. HP: 26/27 MP: 0/0
   897 | D:1      | Learned a level 1 spell: Freeze
  1122 | D:2      | Found a faded altar of an unknown god.
  1600 | D:3      | Noticed Natasha
  1605 | D:3      | Killed Natasha
  1606 | D:3      | Reached XP level 4. HP: 27/34 MP: 0/0
  1862 | D:3      | Reached XP level 5. HP: 12/40 MP: 0/0
  1862 | D:3      | Learned a level 2 spell: Ensorcelled Hibernation
  2406 | D:3      | Noticed Natasha
  2410 | D:3      | Killed Natasha
  2563 | D:3      | Noticed Natasha
  2571 | D:3      | Killed Natasha
  3011 | D:4      | Reached XP level 6. HP: 40/46 MP: 0/0
  3098 | D:4      | Found a stormy altar of Qazlal.
  3806 | D:4      | Noticed an orc warrior
  3815 | D:5      | Entered Level 5 of the Dungeon
  3825 | D:5      | Reached XP level 7. HP: 21/53 MP: 0/0
  3825 | D:5      | Learned a level 3 spell: Mephitic Cloud
  3850 | D:5      | Found a sacrificial altar of Ru.
  3875 | D:5      | Mangled by an ogre

Illustrated notes

Levels and vault maps discovered:
D:1:      lemuel_arrival_hallway, layout_rooms, serial_shops, shop
D:2:      layout_rooms, hellmonk_ecumenical_altar_run_dry
D:3:      layout_basic, serial_curves, eino_curves_04, eino_curves_04,
          uniq_natasha
D:4:      layout_layer_cave, grunt_qazlal_clouds, minmay_crossroads
D:5:      layout_loops_ring, nicolae_ru_great_annihilating_truth,
          minmay_temple_entry_antechambers, gup_sewer_entry_spiral,
          bh_walls_and_bars

Skill      XL: |  1  2  3  4  5  6 |
---------------+-------------------+-----
Fighting       | 1 2 3 4 |  4.6
Spellcasting   | 4 |  4.9
Dodging        | |  2.1
Stealth        | |  1.5

Action                   |  1- 3 |  4- 6 |  7- 9 || total
-------------------------+-------+-------+-------++-------
Melee: Unarmed           |       |       |    18 ||    18
 Cast: Magic Dart        |    54 |    79 |       ||   133
       Searing Ray       |     1 |     8 |       ||     9
  Use: Scroll            |       |       |     7 ||     7
       Potion            |       |       |     1 ||     1
 Stab: Distracted        |       |       |     1 ||     1
Armor: Robe              |     1 |     5 |     1 ||     7
       Skin              |       |       |    10 ||    10
Dodge: Dodged            |     5 |     5 |     1 ||    11

Table legend: (Time is in decaauts)
 A = Elapsed time spent in this place.
 B = Non-inter-level travel time spent in this place.
 C = Inter-level travel time spent in this place.
 D = Time resting spent in this place.
 E = Time spent auto-exploring this place.
 F = Levels seen in this place.
 G = Mean time per level.
                   A        B        C        D        E       F      G
               +--------+--------+--------+--------+--------+-----+--------+
         Total |   3882 |   3843 |     39 |      0 |   3483 |   5 |  776.4 |
       Dungeon |   3882 |   3843 |     39 |      0 |   3483 |   5 |  776.4 |
               +--------+--------+--------+--------+--------+-----+--------+

Top non-repeatable levels by time:
     D:3: 1417 daAuts
     D:1: 931 daAuts
     D:4: 819 daAuts
     D:2: 654 daAuts
     D:5: 59 daAuts
